Cogmind - Beta 14 @@@ ROGUE MODE // 2024.08.21 @ 18:32:43 Player: ILikeVoltron Result: Destroyed by 7O-UOA(R) with Subdweller Machine Gun Performance ------------- Evolutions (0) 0 Regions Visited (3) 600 Robots Destroyed (30) 150 Value Destroyed (421) 421 Prototype IDs (0) 0 Alien Tech Used (0) 0 Bonus (0) 0 TOTAL SCORE: 1171 Bonus ------- None Cogmind --------- Core Integrity 0/250 Matter 299/300 Energy 112/125 System Corruption 1% Temperature Cool (0) Movement Treading (480) Ox4 Location -10/Subcaves Parts ------- > --- POWER (1) -------- Light Ion Engine > --- PROPULSION (2) --- Light Treads Aluminum Leg > --- UTILITY (2) ------ Huge Storage Unit Structural Scanner > --- WEAPON (2) ------- Beam Cannon Light Assault Rifle > --- INVENTORY (25) --- Light Ion Engine Light Ion Engine Heavy Ion Engine Heavy Ion Engine Heavy Ion Engine Heavy Ion Engine High-capacity Storage Unit High-capacity Storage Unit Medium Matter Pod (100) Medium Matter Pod (100) High-capacity Matter Pod (200) Visual Processing Unit Sensor Array Signal Interpreter Improved Terrain Scanner Seismic Detector Field Recycling Unit (0) Medium Laser Beam Cannon Beam Cannon Beam Cannon Light Assault Rifle Grenade Launcher Grenade Launcher Peak State ------------ > --- POWER ------------ Ion Engine > --- PROPULSION ------- Aluminum Leg Aluminum Leg > --- UTILITY ---------- Huge Storage Unit Structural Scanner > --- WEAPON ----------- Light Assault Rifle Mining Laser > --- INVENTORY -------- Light Ion Engine Light Ion Engine Heavy Ion Engine Heavy Ion Engine Heavy Ion Engine High-capacity Storage Unit High-capacity Storage Unit Medium Matter Pod Medium Matter Pod High-capacity Matter Pod Visual Processing Unit Sensor Array Signal Interpreter Terrain Scanner Seismic Detector Medium Laser Beam Cannon Beam Cannon Beam Cannon Beam Cannon Light Assault Rifle Grenade Launcher Grenade Launcher [Rating: 10] Favorites ----------- Power Light Ion Engine Engine Light Ion Engine Propulsion Aluminum Leg Treads Light Treads Leg Aluminum Leg Utility Structural Scanner Device Structural Scanner Storage Huge Storage Unit Weapon Light Assault Rifle Energy Gun Small Laser Energy Cannon Beam Cannon Ballistic Gun Light Assault Rifle Special Weapon Mining Laser Build | -11 -10 -10 -10 ------- Run | Yrd Mat Min Sub Slots Evolved . | . . . . Power . | . . . . Propulsion . | . . . . Utility . | . . . . Weapon . | . . . . Parts Attached 23 | 1 20 1 1 Power 3 | . 3 . . Engine 3 | . 3 . . Core . | . . . . Reactor . | . . . . Propulsion 6 | . 6 . . Treads 1 | . 1 . . Leg 5 | . 5 . . Wheel . | . . . . Hover . | . . . . Flight . | . . . . Utility 5 | 1 4 . . Device 2 | 1 1 . . Storage 3 | . 3 . . Processor . | . . . . Hackware . | . . . . Protection . | . . . . Artifact . | . . . . Weapon 9 | . 7 1 1 Energy Gun . | . . . . Energy Cannon 2 | . 1 . 1 Ballistic Gun 5 | . 5 . . Ballistic Cannon . | . . . . Launcher . | . . . . Special Weapon 2 | . 1 1 . Impact Weapon . | . . . . Slashing Weapon . | . . . . Piercing Weapon . | . . . . Special Melee Weapon . | . . . . Unidentified Prototypes . | . . . . Parts Lost 3 | . 2 . 1 Power 1 | . 1 . . Propulsion . | . . . . Utility . | . . . . Weapon 2 | . 1 . 1 Highest Loss Streak 1 | . 1 . 1 To Critical Strikes . | . . . . Average Slot Usage (%) 99 | . 99 100 100 Engine 13 | . 13 14 14 Treads 5 | . 3 14 14 Leg 22 | . 24 14 14 Device 14 | . 14 14 14 Storage 14 | . 14 14 14 Energy Gun 6 | . 7 . . Energy Cannon 4 | . 2 13 7 Ballistic Gun 14 | . 14 14 14 Special Weapon 2 | . 3 . 7 Peak Build Rating 10 | 7 10 10 10 Average Rating 8 | 6 8 10 9 On Entrance 8 | 6 7 10 10 Naked Turns . | . . . . Heaviest Build 90 | 12 90 88 88 Greatest Support 20 | 20 20 20 20 Greatest Overweight (x) 29 | . 29 4 4 Average Overweight (x) 1 | . 1 4 4 Largest Inventory Capacity 25 | 8 25 25 25 Average Capacity 18 | 8 17 25 25 Most Carried 25 | 7 25 25 25 Average Carried 16 | 6 15 25 24 Final Capacity 25 | 8 25 25 25 Final Carried 25 | 7 25 25 24 Class Distribution -------------------- 58% | Mutant 41% | Scavenger-Mutant Dominant Class ---------------- Scavenger-Mutant | -10/Materials Mutant | -10/Mines Mutant | -10/Subcaves Resources | -11 -10 -10 -10 ----------- Run | Yrd Mat Min Sub Matter Collected 932 | 210 693 . 29 Remotely . | . . . . Salvage Created 813 | 223 537 . 53 Parts 67 | 18 46 . 3 Haulers Intercepted 2 | . 2 . . Recyclers Shooed 1 | . 1 . . Parts Field Recycled . | . . . . Retrieved Matter . | . . . . Parts Self-Destructed . | . . . . Prevented . | . . . . Kills | -11 -10 -10 -10 ------- Run | Yrd Mat Min Sub Combat Hostiles Destroyed 16 | . 15 . 1 Guns 15 | . 14 . 1 AOE 1 | . 1 . . Classes Destroyed 8 | 3 4 . 1 Worker 3 | 2 1 . . Tunneler 6 | 5 1 . . Hauler 2 | . 2 . . Recycler 1 | 1 . . . Watcher 2 | . 2 . . Swarmer 9 | . 9 . . Grunt 6 | . 6 . . Subdweller 1 | . . . 1 Best Kill Streak 4 | 3 4 . 1 Combat Bots Only 3 | . 3 . 1 Max Kills in Single Turn 2 | 1 2 . 1 Gunslinging . | . . . . Exploded 1 | . 1 . . Melee . | . . . . Uniques/NPCs Destroyed . | . . . . Combat | -11 -10 -10 -10 -------- Run | Yrd Mat Min Sub Hostile Shots Fired 93 | . 77 . 16 Missed 19 | . 16 . 3 Damage Taken 934 | . 632 . 302 Core 267 | . 167 . 100 Absorbed by Shields . | . . . . Core Remaining (%) 100 | 100 . . . Volleys Fired 102 | 16 71 4 11 Largest 2 | 2 2 2 2 Hottest 120 | 80 100 120 80 Shots Fired 202 | 32 141 8 21 Gun 173 | 32 126 4 11 Cannon 27 | . 14 3 10 Launcher . | . . . . Special 2 | . 1 1 . Kinetic 97 | . 82 4 11 Thermal 83 | 16 53 4 10 Explosive . | . . . . Electromagnetic 22 | 16 6 . . Robot Hit Streak 9 | 9 7 . 5 Robot Miss Streak 8 | 2 8 . 1 Penetration Max . | . . . . Secondary Targets 2 | . 2 . . Max Gunslinging Chain 1 | . 1 . . Shots Hit Robots 113 | 21 77 . 15 Core Hits 47 | 9 36 . 2 Critical Kills . | . . . . Critical Parts Destroyed 1 | . 1 . . Critical Strikes 1 | . 1 . . Destroy 1 | . 1 . . Melee Attacks . | . . . . Impact . | . . . . Slashing . | . . . . Piercing . | . . . . Sneak Attacks . | . . . . Combat Hostiles . | . . . . Follow-up Attacks . | . . . . Damage Inflicted 1163 | 301 836 . 26 Guns 866 | 237 620 . 9 Cannons 192 | . 175 . 17 Explosions 105 | 64 41 . . Melee . | . . . . Ramming . | . . . . Kinetic 386 | . 377 . 9 Thermal 664 | 208 439 . 17 Explosive . | . . . . Electromagnetic 113 | 93 20 . . Impact . | . . . . Slashing . | . . . . Piercing . | . . . . Highest Corruption 1 | . 1 1 1 Average Corruption 1 | . 1 1 1 Corruption Purged . | . . . . Corruption Blocked . | . . . . Effects 19 | . 15 3 1 Message Errors 8 | . 6 1 1 Matter Fused 3 | . 3 . . Heat Flow Errors 3 | . 2 1 . Energy Discharges 2 | . 1 1 . Data Loss (minor) 1 | . 1 . . Misfires 1 | . 1 . . Alerts 1 | . 1 . . Overload Shots . | . . . . Overflow Damage . | . . . . Projectiles . | . . . . Explosions . | . . . . Melee . | . . . . Knockbacks . | . . . . Impact . | . . . . Kinetic . | . . . . Secondary . | . . . . Self-Inflicted Damage 20 | . 20 . . Shots 1 | . 1 . . Rammed . | . . . . Targets Rammed . | . . . . Kicked . | . . . . Crushed . | . . . . Highest Temperature 275 | 90 200 275 . Average Temperature 60 | 37 62 90 . Received Heat Transfer 255 | . 228 . 27 Siege Activations . | . . . . Robots Corrupted . | . . . . Combat Hostiles . | . . . . Parts Fried . | . . . . Impact Corruptions . | . . . . Robots Melted . | . . . . Combat Hostiles . | . . . . Parts Melted 2 | . 1 . 1 Heat Transferred 1332 | 425 870 . 37 Parts Sabotaged . | . . . . Parts Stolen . | . . . . Parts Stripped . | . . . . Power Chain Reactions 2 | 1 1 . . Alert | -11 -10 -10 -10 ------- Run | Yrd Mat Min Sub Peak Influence 352 | 40 352 42 . Initial 42 | . 26 42 . Average 126 | 19 150 42 . Maximum Alert Level 1 | . 1 . . Low Security (%) 71 | 100 64 100 . Level 1 28 | . 35 . . Level 2 . | . . . . Level 3 . | . . . . Level 4 . | . . . . Level 5 . | . . . . High Security . | . . . . Max Security . | . . . . Squads Dispatched 2 | . 2 . . Investigation 1 | . 1 . . Extermination . | . . . . Reinforcement 1 | . 1 . . Assault . | . . . . Garrison . | . . . . Intercept . | . . . . Searches Triggered . | . . . . Construction Impeded . | . . . . Haulers Reinforced . | . . . . Active Scanning Responses . | . . . . Cargo Convoy Interrupts . | . . . . Stealth | -11 -10 -10 -10 --------- Run | Yrd Mat Min Sub Distress Signals 3 | . 3 . . Communications Jammed . | . . . . Distress Signals . | . . . . Times Spotted 29 | . 27 . 2 Peak Tracking Total 5 | . 5 . 2 Tactical Retreats 4 | . 4 . . Traps | -11 -10 -10 -10 ------- Run | Yrd Mat Min Sub Traps Triggered 3 | . 3 . . Indirectly . | . . . . Trap Hack Attempts . | . . . . Triggered . | . . . . Disarmed . | . . . . Reprogrammed . | . . . . Reused . | . . . . Traps Extracted . | . . . . Installed . | . . . . Triggered . | . . . . Machines | -11 -10 -10 -10 ---------- Run | Yrd Mat Min Sub Machines Disabled . | . . . . Max in Single Turn . | . . . . Machines Repaired . | . . . . Machines Dismantled . | . . . . Machines Sabotaged . | . . . . Overloaded Fab Kills . | . . . . Hacking | -11 -10 -10 -10 --------- Run | Yrd Mat Min Sub Machines Accessed 5 | . 5 . . Terminals 5 | . 5 . . Fabricators . | . . . . Repair Stations . | . . . . Recycling Units . | . . . . Scanalyzers . | . . . . Garrison Access . | . . . . Total Hacks 7 | . 7 . . Successful 1 | . 1 . . Failed 6 | . 6 . . Catastrophic . | . . . . Database Lockouts . | . . . . Manual 3 | . 3 . . Terminals 7 | . 7 . . Fabricators . | . . . . Repair Stations . | . . . . Recycling Units . | . . . . Scanalyzers . | . . . . Garrison Access . | . . . . Terminal Hacks 1 | . 1 . . Branch Access Points 1 | . 1 . . Fabricator Hacks . | . . . . Repair Station Hacks . | . . . . Recycling Unit Hacks . | . . . . Scanalyzer . | . . . . Garrison Access Hacks . | . . . . Unauthorized Hacks . | . . . . Terminals . | . . . . Fabricators . | . . . . Repair Stations . | . . . . Recycling Units . | . . . . Scanalyzers . | . . . . Garrison Access . | . . . . Data Cores Recovered . | . . . . Used . | . . . . Hacking Detections 3 | . 3 . . Full Trace Events . | . . . . Feedback Events . | . . . . Feedback Blocked . | . . . . Robot Schematics Acquired . | . . . . Robots Built . | . . . . Authchips . | . . . . Time . | . . . . Total Robot Build Rating . | . . . . Part Schematics Acquired . | . . . . Parts Built . | . . . . Authchips . | . . . . Time . | . . . . Total Part Build Rating . | . . . . Parts Repaired . | . . . . Time . | . . . . Parts Recycled . | . . . . Recycled Matter . | . . . . Retrieved Matter . | . . . . Retrieved Components . | . . . . Parts Scanalyzed . | . . . . Part Schematics Acquired . | . . . . Parts Damaged . | . . . . Bothacking | -11 -10 -10 -10 ------------ Run | Yrd Mat Min Sub Used RIF Installer . | . . . . Robots Hacked . | . . . . Non-combat . | . . . . Combat . | . . . . Robot Hacks Applied . | . . . . Relay Couplers Released . | . . . . Fabnet Peak Effective % . | . . . . Robots Rewired . | . . . . Allies Hacked . | . . . . Hacks Repelled . | . . . . Allies | -11 -10 -10 -10 -------- Run | Yrd Mat Min Sub Total Allies . | . . . . Largest Group . | . . . . Highest-Rated Group . | . . . . Highest-Rated Ally . | . . . . Total Orders . | . . . . Ally Attacks . | . . . . Total Damage . | . . . . Kills . | . . . . Allies Corrupted . | . . . . Allies Melted . | . . . . Intel | -11 -10 -10 -10 ------- Run | Yrd Mat Min Sub Robot Analysis Total . | . . . . Derelict Logs Recovered . | . . . . Drone Launches . | . . . . Drone Recoveries . | . . . . Exploration | -11 -10 -10 -10 ------------- Run | Yrd Mat Min Sub Turns Passed 2044 | 153 1583 246 62 Spaces Moved 704 | 48 600 49 7 Core 6 | . 6 . . Treads 76 | . 20 49 7 Legs 622 | 48 574 . . Wheels . | . . . . Hover . | . . . . Flight . | . . . . Fastest Speed 120 | 120 120 480 480 Average Speed 233 | 120 219 480 480 Slowest Speed 1500 | 120 1500 480 480 Overloaded Moves . | . . . . Propulsion Burnouts . | . . . . Robots Hopped . | . . . . Cave-ins Triggered . | . . . . Exploration Rate (%) 30 | 4 97 18 1 Regions Visited 3 Branch Regions 2 Pre-discovered Areas . | . . . . Known Exits Taken 1 | . 1 . . Unknown Exits Taken 2 | 1 . 1 . Scrap Searched . | . . . . Spaces Dug 1 | . 1 . . Terrain Destroyed 5 | 2 3 . . Melee . | . . . . Projectile 1 | . 1 . . AOE 4 | 2 2 . . Terrain Rammed . | . . . . Walls Destroyed . | . . . . Machines Disabled . | . . . . Actions | -11 -10 -10 -10 --------- Run | Yrd Mat Min Sub Total 930 | 111 747 53 19 Wait 62 | 46 16 . . Move 701 | 47 599 48 7 Hop . | . . . . Pick Up 25 | 1 24 . . Fast Attach 8 | 1 7 . . Attach 2 | . 1 . 1 Detach . | . . . . Swap 13 | . 12 1 . Drop 17 | . 17 . . Fire 102 | 16 71 4 11 Melee . | . . . . Ram . | . . . . Kick . | . . . . Crush . | . . . . Escape Stasis . | . . . . Rewire . | . . . . Trap . | . . . . Miscellaneous . | . . . . Route ------- -11/Scrapyard -10/Materials (discovered 3 exits: [*Mat x2] / *Min) -10/Mines -10/Subcaves History --------- Turn | Location | Event 16 | -11/Scrapyard | Discovered new exit (range 2) 154 | -11/Scrapyard | Entered Materials 307 | -10/Materials | Build established: Mutant 411 | -10/Materials | Discovered new exit (range 16) 514 | -10/Materials | Discovered new exit (range 16) 532 | -10/Materials | Identified exit to Mines 855 | -10/Materials | Core integrity fell below 50% 957 | -10/Materials | Build established: Scavenger-Mutant 1737 | -10/Materials | Entered Mines 1763 | -10/Mines | Build established: Mutant 1934 | -10/Mines | Discovered new exit (range 10) 1983 | -10/Mines | Entered Subcaves 2038 | -10/Subcaves | Core integrity fell below 20% 2045 | -10/Subcaves | Destroyed by 7O-UOA(R) with Subdweller Machine Gun Last Messages --------------- 01804_ System corrupted: Energy discharge (-46). 01893_ W DDV2RGIPQNEMAC 2>O9J/BTU2U> CYBM>2FOG 01920_ U-05 Engineer lays Concrete. 01932_ T-07 Excavator is excavating. 01934_ U-05 Engineer lays Concrete. 01934_ EXIT=FOUND 01936_ T-07 Excavator is excavating. 01937_ U-05 Engineer lays Concrete. LOCATION=UNKNOWN AMBIENT_HEAT=-10 GOAL=ESCAPE 01989_ 8T-BUP(z): "She is not going to be happy we haven't found any suitable candidates yet." 02009_ WLWZ#S7R90P=NVQUVY>VKBN3 02010_ Mining Laser destroyed. 02015_ Sub. Power Source melted. 02015_ ME-3N9(R) destroyed. 02018_ Acquired 21 matter. 02024_ Acquired 1 matter. 02036_ Subatomizers dissect the Disposable Heat Sink. 02038_ Acquired 1 matter. Map ----- +----------------------------------------------------+ | ??????????????????????????????????????????? | | ??????????????????????????????????????????? | | ??????????????????????????????????????????? | | ??????????????????????????????????????????? | | ??????????????????????????????????????????? | | ??????????????????????????????????????????? | | ??????????????????????????????????????????? | | ??????????????????????????????????????????? | | ??????????????????????????????????????????? | | ??????????????????????????????????????????? | | ??????????????#### ?????????????????????? | | ????????????? ##### ?????????????????????? | | ????????????? ## ###?????????????????? | | ?????????????? # #####??????????????? | | ??????????????? # ####??????????????? | | ???????????????? ? ##??????????????? | | ????????????????## # #??????????????? | | ????????????????## ## ##??????????????? | | ????????????????## ## ###?????????????? | | ????????????????## ####????????????? | | ????????????????### ###????????????? | | ????????????????## ##????????????? | | ????????????????## ##????????????? | | ????????????????## ##????????????? | | ????????????????## !&& ##????????????? | | ????????????????## #@####????????????? | | ????????????????##### ##& ###????????????? | | ????????????????###### ## ###?????????????? | | ???????????????????##### ##?????????????? | | ????????????????????#### R ##?????????????? | | ???????????????????????## ###?????????????? | | ??????????????????????? "###?????????????? | | ????????????????????????" #??????????????? | | ???????????????????????? "???????????????? | | ????????????????????????"""???????????????? | | ????????????????????????""????????????????? | | ??????????????????????????????????????????? | | ??????????????????????????????????????????? | | ??????????????????????????????????????????? | | ??????????????????????????????????????????? | | ??????????????????????????????????????????? | | ??????????????????????????????????????????? | | ??????????????????????????????????????????? | | ??????????????????????????????????????????? | | ??????????????????????????????????????????? | | ??????????????????????????????????????????? | | ??????????????????????????????????????????? | | ??????????????????????????????????????????? | | ??????????????????????????????????????????? | | ??????????????????????????????????????????? | +----------------------------------------------------+ Best States ------------- Heat Dissipation 25 Energy Generation 10 Energy Capacity 250 Matter Stores 300 Matter Capacity 300 Sight Range 16 Terrain Scan Density 10 Evasion (%) 55 Recoil Reduction 1 Item Schematics ----------------- None Robot Schematics ------------------ None Fabricated ------------ Nothing Alien Tech Used ----------------- None Achievements -------------- None Challenges ------------ None Game ------ Seed DimensionalComponentCleaver Manual? 0 Play Time 00:11:28 Cumulative 151.3 hours Start 2024.08.21 @ 18:21:37 End 2024.08.21 @ 18:32:43 Sessions 1 Manual Loads 0 Difficulty Rogue Special Mode None Game No. 269 Rogue 265 Adventurer 0 Explorer 4 Win Type - Total 0 Types 0/0/0/0/0/0/0/0/0 Lore% 19 Gallery% 45 Achievement% 34 Wizard Run 0 Options --------- Layout 1 ASCII 0 Keyboard 1 Movement Arrows Keybinds 0 Fullscreen 1 Font 32/Proggy Map View 130x35 Zoom Use 0% Tactical HUD 1 Map Filters NONE Filters NONE Steam 0 RUN: 396c46ed-01b3-4cba-bb80-4c072b2925a2